 Dungeon Crawl Stone Soup version 0.16.2-12-gd0ad4c3 (webtiles) character file.

137 xXeoN the Insei (level 5, -2/41 HPs)
             Began as a Vampire Monk on Oct 14, 2015.
             Was a Believer of Yredelemnul.
             Slain by Stendarr's ghost (11 damage)
             ... on level 3 of the Dungeon.
             The game lasted 00:15:35 (3227 turns).

xXeoN the Insei (Vampire Monk)                      Turns: 3227, Time: 00:15:38

Health: -2/41      AC:  2    Str: 10    XL:     5   Next: 0%
Magic:  5/5        EV: 14    Int: 12    God:    Yredelemnul [**....]
Gold:   109        SH:  0    Dex: 17    Spells: 0 memorised, 4 levels left

rFire  . . .     SeeInvis +       - Unarmed
rCold  . . .     Clarity  .     a - +0 robe
rNeg   + . .     SustAb   .     (no shield)
rPois  .         Gourm    .     (no helmet)
rElec  .         Spirit   .     (no cloak)
rCorr  .         Warding  .     (no gloves)
rMut   .         Stasis   .     (no boots)
MR     +....                    (no amulet)
Stlth  +++.......               (no ring)
                                k - ring of protection from magic

@: lethally poisoned (-2 -> -16), somewhat resistant to hostile enchantments,
fairly stealthy
A: bottle blood, fangs 3, see invisible, unbreathing
a: Bat Form, Animate Remains, Recall Undead Slaves, Injury Mirror, Renounce
Religion


You were on level 3 of the Dungeon.
You worshipped Yredelemnul.
Yredelemnul was pleased with you.
You were not thirsty.

You visited 1 branch of the dungeon, and saw 3 of its levels.

You collected 109 gold pieces.

Inventory:

Missiles
 e - 8 sling bullets (quivered)
Armour
 a - a +0 robe (worn)
Jewellery
 k - a ring of protection from magic (left hand)
Scrolls
 h - a scroll of remove curse
Potions
 b - 2 potions of blood
Books
 m - a book of Power

   Spells                             Type                      Level
   a - Fulminant Prism                Conjuration/Hexes            4
   b - Iskenderun's Mystic Blast      Conjuration                  4
   c - Venom Bolt                     Conjuration/Poison           5
   d - Bolt of Magma                  Conjuration/Fire/Earth       5
   e - Iron Shot                      Conjuration/Earth            6
   f - Orb of Destruction             Conjuration                  7
   g - Spellforged Servitor           Conjuration/Summoning        7
Comestibles
 c - 8 fruits
 d - 2 bread rations
 i - a beef jerky


   Skills:
 + Level 3.3 Fighting
 * Level 3.2 Dodging
 * Level 4.3 Stealth
 * Level 6.0 Unarmed Combat


You had 4 spell levels left.
You didn't know any spells.

Dungeon Overview and Level Annotations

Branches:
Dungeon (3/15)

Altars:
Makhleb
Qazlal
Xom
Yredelemnul

Annotations:
D:3 Stendarr's ghost, average HEAE


Innate Abilities, Weirdness & Mutations

You can bottle blood from corpses.
You have razor-sharp teeth.
You have supernaturally acute eyesight.
You can survive without breathing.


Message History

Use which ability? (? or * to list)
Your transformation has ended.
Your +0 robe unmelds from your body.
Your ring of protection from magic unmelds from your body.
You feel sick. Stendarr's ghost barely misses you.
You closely miss Stendarr's ghost.
You bite Stendarr's ghost, but do no damage.
You feel sick. Stendarr's ghost hits you.
You are lethally poisoned!
You closely miss Stendarr's ghost. You bite Stendarr's ghost.
Stendarr's ghost is lightly damaged.
You feel sick. Stendarr's ghost hits you.
* * * LOW HITPOINT WARNING * * *
You hit Stendarr's ghost but do no damage.
You punch Stendarr's ghost.
Stendarr's ghost is lightly damaged.
* * * LOW HITPOINT WARNING * * *
You feel sick. Stendarr's ghost hits you!
You die...
Yredelemnul claims you as an undead slave.

....... +.'...
............. ###...
..>........... +...
##.............. #...
##................
####
##.................
#####
#..................
#....
##...................
#....
..........$W@........
#..(.
....................#
#####
...................#
#
..................##
# ######...........##
# #.#........#######
# #.##.............#
# #. ##............#
#. ##..#........#


You could see Stendarr's ghost.

Vanquished Creatures
  A giant frog (D:3)
  3 adders
  3 oozes (D:1)
  An orc (D:3)
  6 bats
  7 goblins
  9 hobgoblins
  4 jackals (D:2)
  2 kobolds
  2 quokkas
  5 giant cockroaches
  2 giant geckos (D:2)
  A giant newt (D:2)
  8 rats
54 creatures vanquished.

Notes
Turn   | Place    | Note
--------------------------------------------------------------
     0 | D:1      | xXeoN, the Vampire Monk, began the quest for the Orb.
     0 | D:1      | Reached XP level 1. HP: 17/17 MP: 1/1
   525 | D:1      | Reached XP level 2. HP: 23/23 MP: 2/2
  1129 | D:1      | Reached skill level 5 in Unarmed Combat
  1438 | D:2      | Reached XP level 3. HP: 12/28 MP: 3/3
  2652 | D:2      | Found a burning altar of Makhleb.
  2652 | D:2      | Found a shimmering altar of Xom.
  2938 | D:3      | Reached XP level 4. HP: 35/35 MP: 4/4
  3008 | D:3      | Noticed a giant frog
  3017 | D:3      | Killed a giant frog
  3120 | D:3      | Found a basalt altar of Yredelemnul.
  3126 | D:3      | Found a stormy altar of Qazlal.
  3136 | D:3      | Became a worshipper of Yredelemnul the Dark
  3136 | D:3      | Acquired Yredelemnul's first power
  3136 | D:3      | Acquired Yredelemnul's second power
  3185 | D:3      | Noticed Stendarr's ghost (average HEAE)
  3201 | D:3      | Reached skill level 6 in Unarmed Combat
  3201 | D:3      | Reached XP level 5. HP: 32/41 MP: 5/5
  3227 | D:3      | Slain by Stendarr's ghost

Action                   |  1- 3 |  4- 6 || total
-------------------------+-------+-------++-------
Melee: Unarmed           |   130 |    49 ||   179
 Abil: Bat Form          |       |     1 ||     1
       End Transformatio |       |     1 ||     1
  Use: Potion            |    11 |     2 ||    13
       Scroll            |     4 |     3 ||     7
 Stab: Sleeping          |     3 |       ||     3
